 Dungeon Crawl Stone Soup version 0.32-a0-768-g0f6f1dd4b9 (webtiles) character file.

Game seed: 2128550798678364759

133700 Dirtsage the Severer (level 16, -14/147 HPs)
             Began as a Mountain Dwarf Fighter on Mar 18, 2024.
             Was a High Priest of Zin.
             Blown up by an orb spider (54 damage)
             ... with an orb of destruction
             ... led by a broodmother
             ... on level 4 of the Spider Nest on Mar 19, 2024.
             The game lasted 01:07:31 (21770 turns).

Dirtsage the Severer (Mountain Dwarf Fighter)      Turns: 21770, Time: 01:07:32

Health: -14/147    AC: 35    Str: 41    XL:     16   Next: 60%
Magic:  28/28      EV:  8    Int: 21    God:    Zin [*****.]
Gold:   247        SH: 10    Dex: 18    Spells: 15/15 levels left

rFire   + + .        b - +9 broad axe of the Sun {freeze, Str+6}
rCold   + . .        c - +1 buckler {reflect}
rNeg    + + .        N - +9 chain mail "Yjakuis" {rC+ Int+2}
rPois   ∞            J - +1 helmet
rElec   .            o - +1 cloak "Hoetseix" {Rampage rPois rN+ Str+3}
rCorr   .            z - +2 pair of gloves
SInv    +            T - +0 pair of boots {Stlth+}
Will    ++...        Q - amulet of faith
Stlth   +            R - ring of Rationality {Fly rF+ Str+3 Dex+3 SInv}
HPRegen 1.24/turn    G - ring "Epsunkipt" {rF+ rN+ AC+4}
MPRegen 0.21/turn

%: reflection, clarity, rampage, faith
@: mighty, vitalised, flying
A: runic magic, artefact enchanting, camouflage 1, clarity, strong-willed 1,
regeneration 1
a: Renounce Religion, Recite, Vitalisation, Imprison, Sanctuary, Donate Gold


You were on level 4 of the Spider Nest.
You worshipped Zin.
Zin was extremely pleased with you.
You visited 4 branches of the dungeon, and saw 23 of its levels.
You also visited: Gauntlet.

You collected 1431 gold pieces.
You spent 483 gold pieces at shops.
You donated 701 gold pieces to Zin.

Inventory:

Hand Weapons
 b - the +9 broad axe of the Sun (weapon) {freeze, Str+6}
   (Okawaru gifted it to you on level 4 of the Lair of Beasts)

   Str+6:     It affects your strength (+6).
Missiles
 w - 15 silver javelins (quivered)
Armour
 c - a +1 buckler of reflection (worn)
 o - the +1 cloak "Hoetseix" (worn) {Rampage rPois rN+ Str+3}
   (Okawaru gifted it to you on level 4 of the Lair of Beasts)

   Str+3:     It affects your strength (+3).
   rPois:     It protects you from poison.
   rN+:       It protects you from negative energy.
   Rampage:   It bestows one free step when moving towards enemies.
 v - a scarf of resistance
 z - a +2 pair of gloves (worn)
 J - a +1 helmet (worn)
 N - the +9 chain mail "Yjakuis" (worn) {rC+ Int+2}
   (You found it on level 1 of the Lair of Beasts)

   Int+2:     It affects your intelligence (+2).
   rC+:       It protects you from cold.
 T - a +0 pair of boots of stealth (worn)
Jewellery
 r - an amulet of reflection
 C - a ring of resist corrosion
 G - the ring "Epsunkipt" (right hand) {rF+ rN+ AC+4}
   (You found it on level 6 of the Dungeon)

   [ring of protection]

   AC+4:      It affects your AC (+4).
   rF+:       It protects you from fire.
   rN+:       It protects you from negative energy.
 I - a ring of protection from cold
 Q - an amulet of faith (around neck)
 R - the ring of Rationality (left hand) {Fly rF+ Str+3 Dex+3 SInv}
   (You bought it in a shop on level 1 of the Dungeon)

   [ring of flight]

   Str+3:     It affects your strength (+3).
   Dex+3:     It affects your dexterity (+3).
   rF+:       It protects you from fire.
   SInv:      It lets you see invisible.
   Fly:       It grants you flight.
 W - a ring of wizardry
 X - an amulet of regeneration
Wands
 D - a wand of digging (5)
 K - a wand of light (2)
 L - a wand of paralysis (8)
Scrolls
 g - 3 scrolls of fear
 i - 3 scrolls of identify
 j - a scroll of brand weapon
 m - 6 scrolls of fog
 p - a scroll of revelation
 t - 4 scrolls of teleportation
 F - 2 scrolls of enchant armour
 H - a scroll of enchant weapon
 M - a scroll of silence
 O - 3 scrolls of noise
 S - 2 scrolls of summoning
 U - 4 scrolls of amnesia
 Y - 2 scrolls of vulnerability
 Z - 2 scrolls of immolation
Potions
 a - a potion of cancellation
 d - 3 potions of might
 f - 3 potions of mutation
 h - 2 potions of haste
 k - 3 potions of brilliance
 l - 10 potions of heal wounds
 n - a potion of resistance
 q - 5 potions of curing
 s - a potion of berserk rage
 u - a potion of ambrosia
 y - 3 potions of attraction
 A - a potion of magic
 E - 5 potions of enlightenment
 P - a potion of invisibility
Miscellaneous
 e - a sack of spiders
 x - a lightning rod (1/4)
 V - a phantom mirror


   Skills:
 + Level 14.9 Fighting
 - Level 18.0 Axes
 + Level 11.5 Armour
 + Level 17.3 Shields
 * Level 7.8 Fire Magic
 * Level 7.1 Earth Magic
 - Level 17.5 Invocations


You had 15 spell levels left.
You didn't know any spells.
Your spell library contained the following spells:

 Spells                   Type           Power      Damage    Failure   Level
 Inner Flame              Hex/Fire       16%        N/A       14%         3
 Lee's Rapid Deconstruct  Erth           15%        3d10*     34%         5
 Leda's Liquefaction      Alch/Erth      7%         N/A       47%         4
 Anguish                  Hex/Necr       0%         N/A       92%         4
 Cause Fear               Hex            0%         N/A       92%         4
 Irradiate                Conj/Alch      0%         3d11      99%         5
 Permafrost Eruption      Ice/Erth       7%         2x4d3     100%        6
 Enfeeble                 Hex            0%         N/A       100%        7
 Ignition                 Fire           16%        3d7       100%        8


Dungeon Overview and Level Annotations

Branches:
Dungeon (13/15)            Temple (1/1) D:5            Lair (5/5) D:8
  Swamp (0/4) Lair:3       Spider (4/4) Lair:2        Slime (0/5) Lair:4
    Orc (0/2) D:12        Gauntlet (visited)
 Vaults: D:13-14

Altars:
Ashenzari
Cheibriados
Dithmenos
Elyvilon
Fedhas
Gozag
Hepliaklqana
Kikubaaqudgha
Makhleb
Nemelex Xobeh
Okawaru
Qazlal
Ru
Sif Muna
Trog
Uskayaw
Vehumet
Wu Jian
Xom
Yredelemnul
Zin
The Shining One

Shops:
D:1 =   D:10 :   D:11 :

Annotations:
D:3 2 transporters
Lair:3 2 transporters
Spider:4 Bai Suzhen


Innate Abilities, Weirdness & Mutations

Your spellcasting is much less encumbered by armour.
You can use scrolls of enchantment on lesser artefacts.
Your skin changes colour to match your surroundings (Stealth+).
You possess an exceptional clarity of mind.
You are strong-willed. (Will+)
Your natural rate of healing is unusually fast.


Message History

Bai Suzhen is almost dead.
You hack one of the ten-headed hydra's heads off!
The nine-headed hydra grows two more!
You slice the 11-headed hydra!! You freeze the 11-headed hydra!
You are engulfed in a thunderstorm.
* * * LOW HITPOINT WARNING * * *
The orb spider weaves a glowing orb of energy.
An orb of destruction comes into view.
You take 6 damage, and have 38/147 hp.
You hit Bai Suzhen.
Bai Suzhen is almost dead.
You chop one of the 11-headed hydra's heads off!
The ten-headed hydra grows two more!
You slash the 12-headed hydra!
The 12-headed hydra seems to slow down.
You freeze the 12-headed hydra.
You are engulfed in a thunderstorm.
* * * LOW HITPOINT WARNING * * *
Bai Suzhen bites you.
* * * LOW HITPOINT WARNING * * *
Bai Suzhen claws you but does no damage.
Bai Suzhen tramples you but does no damage.
The 12-headed hydra misses you.
The 12-headed hydra bites you but does no damage. x2
The 12-headed hydra bites you!
* * * LOW HITPOINT WARNING * * *
The 12-headed hydra bites you but does no damage. x3
The 12-headed hydra completely misses you.
You block the 12-headed hydra's attack. The 12-headed hydra bites you.
* * * LOW HITPOINT WARNING * * *
The 12-headed hydra bites you! Zin protects you from harm!
The 12-headed hydra completely misses you.
You take 29 damage, and have 9/147 hp.
Blink to where?
Press: ? - help, Dir - move target
As you read the scroll of blinking, it crumbles to dust.
Okay, then.
You feel much better.
The orb spider begins to weave its threads into a brightly glowing ball.
You regained 28 hp, and now have 38/147 hp.
The orb of destruction hits you!!!
You die...

#........^#
##......####
..##.†...^../.#
..^..^^.......^#
.....##.^.....###
...^##.......##^##
##^ #..^..#..^#..## #
##....#..^#^..#
##.@○○.#####.s#
#<.^..○°○○s^○.#
#.....~~~^§D.§.#
##....~~~.D§§).#
##...#~~...§§§# #
.....###..s...s... #
....###.............#
.^.. #...#.....#..^
.# #.#.####^## .#


You could see Bai Suzhen (clouds), a 12-headed hydra (summoned, slow) and 2 orb
spiders.

Vanquished Creatures
  Arachne (Spider:1)
  A deep elf blademaster (Spider:2)
  A titan (Spider:2)
  Aizul (Spider:2)
  2 fire giants
  3 frost giants
  4 emperor scorpions
  4 ghost moths
  6 stone giants
  8 broodmothers
  A deep elf death mage (Spider:1)
  A yellow draconian (D:13)
  A red draconian (Spider:2)
  3 minotaurs
  A purple draconian (D:12)
  A spark wasp (Spider:3)
  3 merfolk javelineers
  6 merfolk impalers
  6 entropy weavers
  3 hydras
  3 catoblepae (Lair:5)
  7 radroaches
  2 centaur warriors (D:13)
  A jorogumo (Spider:1)
  7 two-headed ogres
  Erica (D:10)
  A tengu warrior (Spider:1)
  14 death yaks (Lair:5)
  4 boulder beetles
  6 demonic crawlers
  A naga warrior (Spider:1)
  A naga sharpshooter (Spider:1)
  The ghost of tajemnic the Martial Artist, a novice DsSh of Wu Jian (D:9)
  8 deep elf knights
  A skyshark (Lair:4)
  9 pharaoh ants
  A swamp dragon (Lair:3)
  10 orb spiders
  A sun moth (Spider:2)
  An obsidian statue (Gauntlet)
  6 steelbarb worms
  10 deep elf pyromancers
  3 deep elf archers (D:12)
  2 oklob plants (Spider:3)
  An orange crystal statue (D:12)
  3 deep elf zephyrmancers
  29 wolf spiders
  3 ugly things (D:13)
  2 salamanders
  7 elephants
  4 cyclopes
  5 moths of wrath
  Maurice (D:10)
  3 manticores
  An ice statue (Gauntlet)
  A torpor snail (Spider:2)
  Maggie (D:7)
  3 black mambas
  10 cane toads
  A kobold demonologist (D:12)
  2 unseen horrors
  4 rime drakes
  6 komodo dragons
  30 merfolk
  6 trolls
  32 tarantellas
  12 blink frogs
  A raiju (Gauntlet)
  35 jumping spiders
  A spriggan (shapeshifter) (D:13)
  A shadow (D:10)
  A water elemental (D:12)
  9 slime creatures
  19 culicivoras
  3 wyverns
  A vampire (D:10)
  A wraith (D:8)
  31 yaks
  A warg (D:12)
  Eustachio (D:5)
  A steam dragon (Gauntlet)
  2 vampire mosquitoes (D:12)
  5 basilisks
  65 redbacks
  2 nagas (D:12)
  2 acid dragons
  14 water moccasins
  A sky beast (D:7)
  4 black bears
  An ice beast (D:7)
  18 wolves
  2 centaurs
  A phantom (D:7)
  4 kobold brigands
  15 bullfrogs
  9 scorpions
  9 killer bees
  2 vampire bats (Lair:1)
  4 electric eels
  5 howler monkeys
  A bombardier beetle (D:5)
  5 hounds
  6 orc priests
  3 jellies
  A sleepcap (D:4)
  Ijyb (D:3)
  3 iguanas
  4 orc wizards
  A gnoll (D:1)
  11 adders
  2 white imps
  4 dart slugs
  5 ribbon worms
  26 orcs
  10 ball pythons
  10 bats
  5 endoplasms
  5 giant cockroaches
  4 goblins
  3 hobgoblins
  4 jackals (D:3)
  2 quokkas
  A frilled lizard (D:2)
  20 kobolds
  3 rats (D:1)
736 creatures vanquished.

Vanquished Creatures (others)
  A tengu warrior (Spider:1)
  A bombardier beetle (D:5)
  An orc wizard (D:7)
  A kobold (D:8)
4 creatures vanquished.

Grand Total: 740 creatures vanquished

Notes
Turn   | Place    | Note
-------+----------+-------------------------------------------
     0 | D:1      | Dirtsage the Mountain Dwarf Fighter began the quest for the
                  | Orb.
     0 | D:1      | Reached XP level 1. HP: 19/19 MP: 1/1
    77 | D:1      | Reached skill level 3 in Axes
   126 | D:1      | Found Potuh's Jewellery Shoppe.
   281 | D:1      | Reached XP level 2. HP: 12/26 MP: 2/2
   395 | D:1      | Reached skill level 4 in Axes
   625 | D:1      | Reached XP level 3. HP: 31/31 MP: 3/3
   698 | D:1      | Found a faded altar of an unknown god.
   940 | D:2      | Reached skill level 5 in Axes
  1069 | D:2      | Reached XP level 4. HP: 38/38 MP: 4/4
  1758 | D:3      | Found an iron altar of Okawaru.
  1794 | D:3      | Reached skill level 6 in Axes
  1794 | D:3      | Reached XP level 5. HP: 4/45 MP: 5/5
  1794 | D:3      | Gained mutation: Your natural rate of healing is unusually
                  | fast. [potion of mutation]
  1794 | D:3      | Gained mutation: You are strong-willed. (Will+) [potion of
                  | mutation]
  1794 | D:3      | Gained mutation: You possess an exceptional clarity of
                  | mind. [potion of mutation]
  1794 | D:3      | Gained mutation: Your skin changes colour to match your
                  | surroundings (Stealth+). [potion of mutation]
  1812 | D:3      | Became a worshipper of Warmaster Okawaru
  1870 | D:3      | Found a transporter.
  1891 | D:3      | Found a transporter.
  1910 | D:3      | Noticed Ijyb
  1923 | D:3      | Killed Ijyb
  2056 | D:3      | Reached skill level 1 in Invocations
  2113 | D:3      | Found an opulent altar of Gozag.
  2591 | D:4      | Found an ornate altar of the Wu Jian Council.
  2627 | D:4      | Reached XP level 6. HP: 48/52 MP: 7/7
  2748 | D:4      | Reached skill level 7 in Axes
  2769 | D:4      | Found a stormy altar of Qazlal.
  3305 | D:5      | Entered Level 5 of the Dungeon
  3317 | D:5      | Reached skill level 5 in Shields
  3380 | D:5      | Noticed Eustachio
  3389 | D:5      | Killed Eustachio
  3389 | D:5      | Reached * piety under Okawaru
  3390 | D:5      | Reached XP level 7. HP: 60/60 MP: 9/9
  3495 | D:5      | Found a staircase to the Ecumenical Temple.
  3501 | D:5      | Reached skill level 8 in Axes
  3504 | D:5      | Reached ** piety under Okawaru
  3591 | Temple   | Entered the Ecumenical Temple
  4077 | D:6      | Found a shadowy altar of Dithmenos.
  4089 | D:6      | Reached skill level 5 in Fighting
  4089 | D:6      | Reached XP level 8. HP: 49/68 MP: 11/11
  4197 | D:6      | Reached skill level 9 in Axes
  4329 | D:6      | Identified the ring "Epsunkipt" {rF+ rN+ AC+4}
  4693 | D:7      | Reached skill level 5 in Invocations
  4713 | D:7      | Reached *** piety under Okawaru
  4876 | D:7      | Reached skill level 10 in Axes
  5154 | D:7      | Reached XP level 9. HP: 75/75 MP: 13/13
  5175 | D:7      | Noticed Maggie
  5188 | D:7      | Killed Maggie
  5247 | D:7      | Found a hide-covered altar of Uskayaw.
  5247 | D:7      | Found a sparkling altar of Nemelex Xobeh.
  5256 | D:7      | Found a shimmering blue altar of Sif Muna.
  5264 | D:7      | Found a snail-covered altar of Cheibriados.
  5266 | D:7      | Found a glowing silver altar of Zin.
  5675 | D:8      | Found a staircase to the Lair.
  5676 | D:8      | Noticed an elephant
  5708 | D:8      | Reached **** piety under Okawaru
  5719 | D:8      | Reached skill level 11 in Axes
  5732 | D:8      | Killed an elephant
  6008 | D:8      | Reached skill level 10 in Shields
  6494 | D:9      | Noticed a two-headed ogre
  6506 | D:9      | Killed a two-headed ogre
  6507 | D:9      | Reached skill level 12 in Axes
  6507 | D:9      | Reached XP level 10. HP: 88/88 MP: 4/16
  6686 | D:9      | Noticed tajemnic's ghost (novice DsSh)
  6815 | D:9      | Found a runed translucent door.
  7048 | D:9      | Killed tajemnic's ghost
  7140 | D:10     | Entered Level 10 of the Dungeon
  7140 | D:10     | Noticed Maurice
  7144 | D:10     | Noticed a two-headed ogre
  7150 | D:10     | Killed Maurice
  7150 | D:10     | Reached ***** piety under Okawaru
  7165 | D:10     | Killed a two-headed ogre
  7166 | D:10     | Reached skill level 13 in Axes
  7279 | D:10     | Found Ironea Yleh's Book Shop.
  7297 | D:10     | Received a gift from Okawaru
  7464 | D:10     | Noticed Erica
  7650 | D:1      | Bought the ring of Rationality {Fly rF+ Str+3 Dex+3 SInv}
                  | for 483 gold pieces
  7829 | D:10     | Killed Erica
  7830 | D:10     | Reached XP level 11. HP: 88/95 MP: 3/18
  7885 | D:10     | You are sucked into a shaft and drop 2 floors!
  7886 | D:12     | Noticed a deep elf pyromancer
  7904 | D:12     | Killed a deep elf pyromancer
  7935 | D:12     | Noticed a boulder beetle
  7946 | D:12     | Killed a boulder beetle
  7947 | D:12     | Reached skill level 14 in Axes
  7966 | D:12     | Found a staircase to the Orcish Mines.
  7967 | D:12     | Noticed a two-headed ogre
  7980 | D:12     | Killed a two-headed ogre
  7981 | D:12     | Reached skill level 10 in Invocations
  7987 | D:12     | Received a gift from Okawaru
  8160 | D:11     | Noticed a two-headed ogre
  8171 | D:11     | Killed a two-headed ogre
  8332 | D:11     | Found a gate leading to a gauntlet.
  8341 | Gauntlet | Entered a Gauntlet
  8341 | Gauntlet | Noticed an arcanist
  8341 | Gauntlet | Found a transporter.
  8341 | Gauntlet | Found a transporter.
  8341 | Gauntlet | Found a transporter.
  8361 | Gauntlet | Found a transporter.
  8365 | Gauntlet | Noticed a fire crab
  8371 | Gauntlet | Found a transporter.
  8375 | Gauntlet | Found a transporter.
  8379 | Gauntlet | Noticed a purple ugly thing
  8385 | Gauntlet | Found a transporter.
  8385 | Gauntlet | Noticed a glowing orange brain
  8388 | Gauntlet | Noticed a brown ugly thing
  8389 | Gauntlet | Noticed a glowing orange brain
  8406 | Gauntlet | Found a transporter.
  8406 | Gauntlet | Noticed an obsidian statue
  8424 | Gauntlet | Found a transporter.
  8428 | Gauntlet | Found a transporter.
  8438 | Gauntlet | Found a transporter.
  8442 | Gauntlet | Found a transporter.
  8569 | Gauntlet | Received a gift from Okawaru
  8571 | Gauntlet | Reached skill level 15 in Axes
  8574 | Gauntlet | Identified the +2 cloak "Quvohes" {-Cast rPois rC+ Str+4}
  8621 | Gauntlet | Killed an obsidian statue
  8622 | Gauntlet | Identified the +0 scale mail "Cafuraeph" {rF- rC+ Regen+}
  8656 | Gauntlet | Noticed a minotaur
  8666 | Gauntlet | Killed a minotaur
  8690 | Gauntlet | Identified the +3 scale mail of Conscience {rF- rN+ Int+5}
  8828 | D:11     | Found Rilituido's Book Shop.
  8846 | D:11     | Noticed a two-headed ogre
  8854 | D:11     | Killed a two-headed ogre
  8855 | D:11     | Reached skill level 10 in Fighting
  8875 | D:11     | Reached XP level 12. HP: 87/106 MP: 20/20
  9256 | Lair:1   | Entered Level 1 of the Lair of Beasts
  9464 | Lair:1   | Received a gift from Okawaru
  9673 | Lair:1   | Identified the +9 chain mail "Yjakuis" {rC+ Int+2}
  9673 | Lair:1   | Noticed a boulder beetle
  9703 | Lair:1   | Killed a boulder beetle
  9704 | Lair:1   | Reached skill level 16 in Axes
 10693 | Lair:2   | Noticed a four-headed hydra
 10720 | Lair:2   | Killed a 19-headed hydra
 10731 | Lair:2   | Found a hole to the Spider Nest.
 10734 | Lair:2   | Noticed a demonic crawler
 10746 | Lair:2   | Killed a demonic crawler
 10746 | Lair:2   | Received a gift from Okawaru
 11268 | Lair:2   | Noticed a six-headed hydra
 11283 | Lair:2   | Killed a six-headed hydra
 11573 | Lair:3   | Found a transporter.
 11693 | Lair:3   | Reached skill level 5 in Armour
 11743 | Lair:3   | Found a transporter.
 12284 | Lair:3   | Found a staircase to the Swamp.
 12309 | Lair:3   | Reached XP level 13. HP: 107/116 MP: 22/22
 12349 | Lair:4   | Found a staircase to the Slime Pits.
 12359 | Lair:4   | Reached skill level 17 in Axes
 12550 | Lair:4   | Reached ****** piety under Okawaru
 12562 | Lair:4   | Received a gift from Okawaru
 12563 | Lair:4   | Acquired the +9 broad axe of the Sun {freeze, Str+6}
 12563 | Lair:4   | Received a gift from Okawaru
 12566 | Lair:4   | Acquired the +1 cloak "Hoetseix" {Rampage rPois rN+ Str+3}
 12566 | Lair:4   | Received a gift from Okawaru
 12991 | Lair:5   | Entered Level 5 of the Lair of Beasts
 13237 | Lair:5   | Identified the +2 scale mail of Fortitude {-Tele rElec rN+
                  | Dex+4}
 13296 | Lair:5   | Received a gift from Okawaru
 13426 | Lair:5   | Reached skill level 18 in Axes
 13738 | Lair:5   | Received a gift from Okawaru
 13739 | Lair:5   | Reached skill level 15 in Shields
 13902 | Lair:5   | Reached XP level 14. HP: 127/127 MP: 24/24
 13949 | Lair:5   | Received a gift from Okawaru
 14421 | D:7      | Fell from the grace of Okawaru
 14421 | D:7      | Became a worshipper of Zin the Law-Giver
 14421 | D:7      | Reached * piety under Zin
 14421 | D:7      | Reached ** piety under Zin
 14422 | D:7      | Donated 291 gold pieces to Zin
 14423 | D:7      | Donated 146 gold pieces to Zin
 14610 | D:12     | Noticed a stone giant
 14616 | D:12     | Killed a stone giant
 14779 | D:12     | Identified the +6 shortbow of Corruption {flame, Stlth+}
 14811 | D:12     | Noticed a stone giant
 14815 | D:12     | Killed a stone giant
 15221 | D:13     | Reached *** piety under Zin
 15303 | D:13     | Identified the +6 falchion "Gram" {freeze, rCorr Str+3}
 15306 | D:13     | Noticed a fire giant
 15306 | D:13     | Noticed a stone giant
 15312 | D:13     | Killed a stone giant
 15312 | D:13     | Killed a fire giant
 15512 | D:13     | Identified the +0 short sword "Ediot" {freeze, rPois Will+}
 15539 | D:13     | Noticed a stone giant
 15559 | D:13     | Killed a stone giant
 15561 | D:13     | HP: 4/127 [centaur warrior/arrow[the fury of Okawaru] (18)]
 15811 | D:13     | Noticed a frost giant
 15823 | D:13     | Killed a frost giant
 16195 | Spider:1 | Entered Level 1 of the Spider Nest
 16299 | Spider:1 | Reached skill level 15 in Invocations
 16389 | Spider:1 | Reached **** piety under Zin
 16672 | Spider:1 | Noticed a fire giant
 16682 | Spider:1 | Killed a fire giant
 16812 | Spider:1 | Noticed a frost giant
 16834 | Spider:1 | Killed a frost giant
 16998 | Spider:1 | Noticed an emperor scorpion
 17013 | Spider:1 | Killed an emperor scorpion
 17264 | Spider:1 | Noticed a broodmother
 17264 | Spider:1 | Noticed a broodmother
 17272 | Spider:1 | Noticed a broodmother
 17276 | Spider:1 | Killed a broodmother
 17280 | Spider:1 | Killed a broodmother
 17281 | Spider:1 | Reached XP level 15. HP: 58/136 MP: 27/27
 17821 | Spider:2 | Noticed Arachne
 17843 | Spider:1 | Killed Arachne
 18170 | Spider:1 | Reached skill level 10 in Armour
 18564 | Spider:2 | Noticed an emperor scorpion
 18580 | Spider:2 | Killed an emperor scorpion
 18825 | Spider:2 | Reached skill level 1 in Fire Magic
 18837 | Spider:2 | Reached skill level 1 in Earth Magic
 18918 | Spider:2 | Identified the serpent talisman of the Elven Halls {rF+ rN+
                  | rCorr Slay+2}
 18918 | Spider:2 | Noticed Aizul
 18946 | Spider:2 | Killed Aizul
 19077 | Spider:2 | Noticed a titan
 19084 | Spider:2 | Killed a titan
 19091 | Spider:2 | Noticed a frost giant
 19500 | Spider:2 | Was forgiven by Okawaru
 19501 | Spider:2 | Noticed a deep elf blademaster
 19515 | Spider:2 | Killed a deep elf blademaster
 19899 | Spider:2 | Killed a frost giant
 20046 | Spider:2 | Donated 170 gold pieces to Zin
 20187 | Spider:3 | Reached XP level 16. HP: 101/147 MP: 28/28
 20306 | Spider:3 | Reached skill level 5 in Fire Magic
 20389 | Spider:3 | Reached skill level 5 in Earth Magic
 20600 | Spider:3 | Reached ***** piety under Zin
 21379 | Spider:4 | Entered Level 4 of the Spider Nest
 21648 | Spider:4 | Identified the quicksilver dragon scales of Mecke {Will+
                  | Str+5 Int+3 Slay-5}
 21749 | Spider:4 | Noticed Bai Suzhen
 21767 | Spider:4 | Zin protects you from harm!
 21770 | Spider:4 | Blown up by an orb spider

Illustrated notes

Levels and vault maps discovered:
D:1:      zelgadis_glass_arrival_small, layout_loops_ring, serial_shops, shop,
          hellmonk_ecumenical_altar_leap_of_faith
D:2:      layout_basic
D:3:      gammafunk_wand_slinger, layout_basic,
          mainiacjoe_overflow_small_starburst,
          nicolae_gozag_cash_rules_everything_around_me, uniq_ijyb
D:4:      layout_basic, nicolae_wu_jian_wuxing_cycle, grunt_qazlal_sundering
D:5:      layout_loops_ring, minmay_temple_entry_steel_oval, nicolae_the_louvre,
          uniq_eustachio
D:6:      layout_loops_ring, grunt_dithmenos_smoke,
          hangedman_abyss_or_decor_stabs, minmay_misc_feat_encased
D:7:      layout_loops_ring, chequers_temple_overflow_minitemple, uniq_maggie
D:8:      layout_basic, david_lair_generic
D:9:      layout_long_grid, hellmonk_ghost_happy_afterlife
D:10:     layout_basic, serial_shops, shop, uniq_erica, uniq_maurice
D:11:     layout_loops_ring, gauntlet_entry_generic, serial_shops,
          nicolae_book_shop_shelving
D:12:     statuecave_lemuel, layout_cave_pools, minmay_orc_entry_guard_dogs
D:13:     layout_cave_pools
Temple:   nicolae_temple_no_exploring_needed
Lair:1:   layout_cellular_growth, minmay_stone_trees_small, roderic_batcave,
          wad_woods_river_01
Lair:2:   layout_regular_city, nicolae_spider_entry_non_spiders
Lair:3:   gammafunk_worm_tunnel, layout_hall_layers,
          mainiacjoe_swamp_entry_lozenge_pond
Lair:4:   layout_cave_shapes, slime_entry_1
Lair:5:   evilmike_catoblepas_cave, layout_layer_cave
Spider:1: nicolae_spider_brood_tunnel
Spider:2: layout_cave_pods, uniq_arachne, uniq_aizul
Spider:3: spider_temple_joshua
Spider:4: spider_rune_water, uniq_bai_suzhen

Skill      XL: |  1  2  3  4  5  6  7  8  9 10 11 12 13 14 15 16 |
---------------+-------------------------------------------------+-----
Axes           | 3 4 5 6 7 8 10 12 13 15 16 18 | 18.0
Shields        | 4 5 6 8 10 11 13 14 15 16 17 | 17.3
Invocations    | 2 3 4 6 8 9 11 12 13 16 17 | 17.5
Fighting       | 4 5 6 7 8 10 11 12 13 14 | 14.9
Armour         | 5 7 9 10 11 | 11.5
Fire Magic     | 4 7 |  7.8
Earth Magic    | 4 7 |  7.1

Action                     |  1- 3 |  4- 6 |  7- 9 | 10-12 | 13-15 | 16-18 || total
---------------------------+-------+-------+-------+-------+-------+-------++-------
  Melee: War axe           |    98 |   223 |   349 |   493 |    56 |       ||  1219
         Mace              |       |       |       |    11 |     7 |       ||    18
         Broad axe         |       |       |       |       |  1042 |   239 ||  1281
  Throw: Javelin           |       |       |       |       |     4 |       ||     4
 Invoke: Heroism           |       |       |     2 |     9 |       |       ||    11
         Finesse           |       |       |       |     2 |       |       ||     2
         Receive Weapon    |       |       |       |       |     1 |       ||     1
         Receive Armour    |       |       |       |       |     1 |       ||     1
         Recite            |       |       |       |       |    14 |       ||    14
         Vitalisation      |       |       |       |       |    11 |     1 ||    12
         Donate Gold       |       |       |       |       |     3 |       ||     3
         Imprison          |       |       |       |       |     1 |       ||     1
  Evoke: Wand              |       |     3 |     4 |     7 |     1 |       ||    15
         Lightning rod     |       |       |       |       |       |     4 ||     4
    Use: Potion            |       |     2 |       |       |     3 |     2 ||     7
         Scroll            |       |       |       |    25 |     7 |     1 ||    33
   Stab: Paralysed         |       |       |     5 |     4 |       |       ||     9
         Sleeping          |       |       |     3 |     2 |       |       ||     5
         Petrified         |       |       |       |       |    11 |       ||    11
         Confused          |       |       |       |       |     7 |       ||     7
 Armour: Scale mail        |    86 |   142 |     8 |    60 |       |       ||   296
         Leather armour    |       |       |   141 |       |       |       ||   141
         Steam dragon scal |       |       |    55 |   113 |       |       ||   168
         Chain mail        |       |       |       |   182 |  1079 |   291 ||  1552
         Skin              |       |       |       |     3 |       |       ||     3
  Dodge: Dodged            |    38 |    89 |   122 |   173 |   287 |   102 ||   811
  Block: Buckler           |    20 |    77 |   188 |   257 |   475 |   119 ||  1136
         Reflection        |       |     4 |     5 |     6 |    20 |     1 ||    36

Table legend: (Time is in decaauts)
 A = Elapsed time spent in this place.
 B = Non-inter-level travel time spent in this place.
 C = Inter-level travel time spent in this place.
 D = Time resting spent in this place.
 E = Time spent auto-exploring this place.
 F = Levels seen in this place.
 G = Mean time per level.
                   A        B        C        D        E       F      G
               +--------+--------+--------+--------+--------+-----+--------+
         Total |  21354 |  19265 |   2089 |   1456 |  13740 |  24 |  889.8 |
       Dungeon |  10825 |   9515 |   1310 |    182 |   7297 |  13 |  832.7 |
        Temple |      1 |      1 |      0 |      0 |      0 |   1 |    1.0 |
          Lair |   4836 |   4297 |    539 |     40 |   3525 |   5 |  967.2 |
   Spider Nest |   5296 |   5057 |    239 |   1233 |   2684 |   4 | 1324.0 |
      Gauntlet |    394 |    394 |      0 |      0 |    234 |   1 |  394.0 |
               +--------+--------+--------+--------+--------+-----+--------+

Top non-repeatable levels by time:
Spider:1: 2127 daAuts
Spider:2: 1566 daAuts
  Lair:1: 1303 daAuts
Spider:3: 1237 daAuts
  Lair:5: 1163 daAuts
     D:8: 1036 daAuts
     D:7: 1012 daAuts
    D:12: 958 daAuts
     D:2: 920 daAuts
  Lair:2: 916 daAuts
     D:4: 891 daAuts
     D:1: 888 daAuts
     D:3: 887 daAuts
     D:9: 847 daAuts
    D:11: 825 daAuts
